 Dungeon Crawl Stone Soup version 0.30.1 (webtiles) character file.

Game seed: 17769285905382944595

2797 BillyBaka the Geomancer (level 9, -6/68 HPs)
             Began as a Gnoll Wanderer on July 2, 2023.
             Was a Follower of Uskayaw.
             Mangled by an orc warlord
             ... wielding a +4 broad axe
              (17 damage)
             ... in a bailey.
             The game lasted 00:49:32 (8590 turns).

BillyBaka the Geomancer (Gnoll Wanderer)            Turns: 8590, Time: 00:49:32

Health: -6/68      AC:  6    Str: 10    XL:     9   Next: 71%
Magic:  15/19      EV: 13    Int: 25    God:    Uskayaw [*.....]
Gold:   134        SH:  0    Dex: 11    Spells: 17/21 levels left

rFire   . . .        q - +3 dagger of Kismet {freeze, Int+3}
rCold   . . .        (no shield)
rNeg    + . .        e - +0 robe
rPois   .            D - +0 helmet
rElec   .            (no cloak)
rCorr   .            (no gloves)
SInv    +            i - +2 pair of boots {Fly}
Will    .....        (no amulet)
Stlth   +++          a - ring "Misycla" {Int+4 SInv}
HPRegen 0.31/turn    z - ring of positive energy
MPRegen 0.16/turn

%: no passive effects
@: about to teleport, flying
A: fangs 1, strong nose, distributed training
a: Renounce Religion, Stomp


You were in a bailey.
You worshipped Uskayaw.
Uskayaw was noncommittal.
You visited 2 branches of the dungeon, and saw 8 of its levels.
You also visited: Sewer and Bailey.

You collected 533 gold pieces.
You spent 399 gold pieces at shops.

Inventory:

Hand Weapons
 q - the +3 dagger of Kismet (weapon) {freeze, Int+3}
   (You found it on level 3 of the Dungeon)

   Int:       It affects your intelligence (+3).
 y - the +7 Throatcutter {drain, coup de grace}
   (You found it on level 5 of the Dungeon)
Missiles
 b - 15 boomerangs (quivered)
 g - 18 poisoned darts
 G - a throwing net
 H - 3 javelins
Armour
 e - a +0 robe (worn)
 i - a +2 pair of boots of flying (worn)
 D - a +0 helmet (worn)
Magical Staves
 x - a staff of air
Jewellery
 a - the ring "Misycla" (left hand) {Int+4 SInv}
   (You bought it in a shop on level 5 of the Dungeon)

   [ring of see invisible]

   Int:       It affects your intelligence (+4).
   SInv:      It lets you see invisible.
 z - a ring of positive energy (right hand)
 B - a ring of see invisible
Wands
 r - a wand of acid (10)
 A - a wand of flame (9)
Scrolls
 c - a scroll of noise {unknown}
 d - 3 scrolls of fog
 f - 2 scrolls of enchant armour
 h - a scroll of teleportation
 k - 3 scrolls of silence
 n - a scroll of vulnerability {unknown}
 s - a scroll of brand weapon {unknown}
 v - 3 scrolls of poison
 F - 3 scrolls of fear {unknown}
Potions
 j - 3 potions of mutation
 l - a potion of experience
 m - a potion of berserk rage
 o - a potion of might
 p - 3 potions of attraction
 u - 2 potions of curing
 w - a potion of lignification {unknown}
 C - a potion of brilliance {unknown}
 E - a potion of ambrosia {unknown}
 I - a potion of haste {unknown}


   Skills:
 + Level 5.4 Fighting
 + Level 4.7 Short Blades
 + Level 4.7 Long Blades
 + Level 4.7 Axes
 + Level 4.7 Maces & Flails
 + Level 4.7 Polearms
 + Level 4.7 Staves
 + Level 6.6 Ranged Weapons
 + Level 5.4 Throwing
 + Level 4.7 Armour
 + Level 4.7 Dodging
 + Level 4.7 Stealth
 + Level 4.7 Shields
 + Level 4.7 Unarmed Combat
 + Level 6.9 Spellcasting
 + Level 3.9 Conjurations
 + Level 3.9 Hexes
 + Level 3.9 Summonings
 + Level 3.9 Necromancy
 + Level 3.9 Translocations
 + Level 3.9 Transmutations
 + Level 3.9 Fire Magic
 + Level 3.9 Ice Magic
 + Level 3.9 Air Magic
 + Level 8.2 Earth Magic
 + Level 3.9 Poison Magic
 + Level 5.1 Invocations
 + Level 4.7 Evocations


You had 17 spell levels left.
You knew the following spells:

 Your Spells              Type           Power      Damage    Failure   Level
a - Sandblast             Erth           98%        2d20      1%          1
b - Stone Arrow           Conj/Erth      76%        3d11      1%          3

Your spell library contained the following spells:

 Spells                   Type           Power      Damage    Failure   Level
 Magic Dart               Conj           100%       1d8       1%          1
 Slow                     Hex            100%       N/A       1%          1
 Call Imp                 Summ           56%        N/A       1%          2
 Passwall                 Tmut/Erth      31%        N/A       1%          2
 Confusing Touch          Hex            28%        N/A       4%          3
 Mephitic Cloud           Conj/Pois/Air  28%        N/A       4%          3
 Vampiric Draining        Necr           28%        2d8       4%          3


Dungeon Overview and Level Annotations

Branches:
Dungeon (7/15)             Temple (1/1) D:4           Sewer (visited)
 Bailey (1/1)

Altars:
Ashenzari
Cheibriados
Dithmenos
Elyvilon
Fedhas
Hepliaklqana
Makhleb
Nemelex Xobeh
Okawaru
Ru
Sif Muna
Trog
Uskayaw
Vehumet
Wu Jian
Xom
Yredelemnul
Zin
The Shining One

Shops:
D:2 !   D:5 =(*=


Innate Abilities, Weirdness & Mutations

You have very sharp teeth.
Your uncanny sense of smell can sniff out nearby items.
Your experience applies equally to all skills.


Message History

Casting: Sandblast (safe; 1% risk of failure)
Confirm with . or Enter, or press ? or * to list all spells.
Aiming: Stone Arrow (safe; 1% risk of failure)
Press: ? - help, Shift-Dir - straight line, f/p - orc warlord
Aim: an orc warlord, wielding a +4 broad axe and wearing a +0 plate armour (lightly wounded, 84% to hit)
The stone arrow misses the orc warlord.
The orc splashes around in the water.
The orc warlord hits you with a +4 broad axe!!
* * * LOW HITPOINT WARNING * * *
Casting: Stone Arrow (safe; 1% risk of failure)
Confirm with . or Enter, or press ? or * to list all spells.
Aiming: Sandblast (safe; 1% risk of failure)
Press: ? - help, Shift-Dir - straight line, f/p - orc warlord
Aim: an orc warlord, wielding a +4 broad axe and wearing a +0 plate armour (lightly wounded, 91% to hit)
The blast of sand hits the orc warlord but does no damage.
The orc warlord is lightly wounded.
The orc hits you but does no damage.
The orc warlord roars a battlecry!
The orc goes into a battle-frenzy!
The orc hits you with a +0 hand axe!
* * * LOW HITPOINT WARNING * * *
The orc warlord closely misses you.
You feel much better. The orc hits you but does no damage.
The orc warlord hits you with a +4 broad axe!!
* * * LOW HITPOINT WARNING * * *
You feel much better. The orc barely misses you.
The orc warlord hits you with a +4 broad axe!
You feel better.
The orc splashes around in the water.
The orc warlord barely misses you.
You hit the orc warlord but do no damage.
Your bite misses the orc warlord. The orc hits you but does no damage.
You hit the orc warlord but do no damage.
The orc warlord closely misses you.
You hit the orc warlord but do no damage.
The orc hits you with a +0 hand axe!
The orc warlord hits you with a +4 broad axe!
* * * LOW HITPOINT WARNING * * *
As you read the scroll of teleportation, it crumbles to dust.
You feel strangely unstable. The orc barely misses you.
The orc warlord hits you with a +4 broad axe!
You die...

#...8......#'''#......8
##......####~~~####....
♣##.....#~~~~~~~~~#....
♣.##..).#~.8...8.~#....
♣♣..###÷###.......###)##
♣...~~~)#~~.8...8.~~#.~~
♣♣...~~~K#~.........~#.~~
♣∩...~~oo#~....∩....~#.~~
♣♣...~~~@##.........##.~~
♣...~~~.#~..8...8..~#.~~
♣♣..###'#~.........~#'##
♣.##...#~=!8...8!)~#...
♣##....##~~#####~~##...
##......####...####....
#......................
#..8..8..)..........8..
#..........)...........


You could see an orc warlord, an orc (strong) and a kobold.

Vanquished Creatures
  A kobold demonologist (D:5)
  A water moccasin (D:6)
  2 ice beasts
  4 orc warriors
  An ogre (D:6)
  3 centaurs
  A phantom (D:6)
  3 kobold brigands (D:5)
  A bullfrog (D:6)
  4 scorpions
  2 howler monkeys
  A sleepcap (D:6)
  5 hounds
  5 jellies
  A gnoll bouda (D:5)
  An orc priest (D:3)
  3 iguanas
  2 orc wizards
  7 adders
  18 gnolls
  3 river rats
  A shadow imp (D:7)
  2 worms
  3 dart slugs
  15 orcs
  11 ball pythons
  7 endoplasms
  2 giant cockroaches (D:3)
  14 goblins
  12 hobgoblins
  7 jackals
  3 quokkas
  2 bats
  6 frilled lizards
  16 kobolds
  13 rats
183 creatures vanquished.

Notes
Turn   | Place    | Note
-------+----------+-------------------------------------------
     0 | D:1      | BillyBaka the Gnoll Wanderer began the quest for the Orb.
     0 | D:1      | BillyBaka set off with the following items: a +0 sling, 13
                  | poisoned darts, a +0 dagger, a scroll of fog, a +0 robe;
                  | and the following spell memorised: Sandblast; and the
                  | following spells available to memorise: Passwall, Stone
                  | Arrow.
     0 | D:1      | Reached XP level 1. HP: 17/17 MP: 6/6
   328 | D:1      | Reached XP level 2. HP: 23/23 MP: 7/7
   553 | D:1      | Reached skill level 5 in Spellcasting
   553 | D:1      | Reached XP level 3. HP: 28/28 MP: 7/9
   594 | D:1      | Learned a level 3 spell: Stone Arrow
   936 | D:1      | Reached skill level 1 in Invocations
   975 | D:1      | Found a faded altar of an unknown god.
  1391 | D:2      | Found Venepufo's Distillery.
  1609 | D:2      | Reached skill level 1 in Short Blades
  1609 | D:2      | Reached skill level 1 in Long Blades
  1609 | D:2      | Reached skill level 1 in Axes
  1609 | D:2      | Reached skill level 1 in Maces & Flails
  1609 | D:2      | Reached skill level 1 in Polearms
  1609 | D:2      | Reached skill level 1 in Staves
  1609 | D:2      | Reached skill level 1 in Armour
  1609 | D:2      | Reached skill level 1 in Dodging
  1609 | D:2      | Reached skill level 1 in Stealth
  1609 | D:2      | Reached skill level 1 in Shields
  1609 | D:2      | Reached skill level 1 in Unarmed Combat
  1609 | D:2      | Reached skill level 1 in Evocations
  1690 | D:2      | Reached XP level 4. HP: 33/34 MP: 4/11
  1782 | D:2      | Reached skill level 1 in Conjurations
  1782 | D:2      | Reached skill level 1 in Hexes
  1782 | D:2      | Reached skill level 1 in Summonings
  1782 | D:2      | Reached skill level 1 in Necromancy
  1782 | D:2      | Reached skill level 1 in Translocations
  1782 | D:2      | Reached skill level 1 in Transmutations
  1782 | D:2      | Reached skill level 1 in Fire Magic
  1782 | D:2      | Reached skill level 1 in Ice Magic
  1782 | D:2      | Reached skill level 1 in Air Magic
  1782 | D:2      | Reached skill level 1 in Poison Magic
  1937 | D:3      | Identified the +3 dagger of Kismet {freeze, Int+3}
  1967 | D:3      | Reached XP level 5. HP: 40/40 MP: 5/12
  2085 | D:3      | Found a glowing drain.
  2118 | Sewer    | Entered a sewer
  2697 | D:3      | Found a glowing golden altar of the Shining One.
  3145 | D:4      | Reached XP level 6. HP: 47/47 MP: 11/14
  3294 | D:4      | Reached skill level 5 in Ranged Weapons
  3821 | D:4      | Found a staircase to the Ecumenical Temple.
  3829 | Temple   | Entered the Ecumenical Temple
  3829 | Temple   | Found a transporter.
  3829 | Temple   | Found a transporter.
  3831 | Temple   | Found a transporter.
  3831 | Temple   | Found a transporter.
  3851 | Temple   | Became a worshipper of Uskayaw the Reveller
  4005 | D:4      | Reached * piety under Uskayaw
  4186 | D:4      | Found an ornate altar of the Wu Jian Council.
  4817 | D:5      | Entered Level 5 of the Dungeon
  4836 | D:5      | Reached ** piety under Uskayaw
  4852 | D:5      | Noticed an ice beast
  4860 | D:5      | Killed an ice beast
  4861 | D:5      | Reached XP level 7. HP: 52/52 MP: 4/15
  5108 | D:5      | Found Nisecw's Jewellery Shoppe.
  5644 | D:5      | Reached XP level 8. HP: 60/60 MP: 12/16
  5726 | D:5      | Found Puxil's Jewellery Boutique.
  5799 | D:5      | Bought the ring "Misycla" {Int+4 SInv} for 334 gold pieces
  6016 | D:5      | Found Alaarem's Antique Weapon Shop.
  6172 | D:5      | Found the +7 Throatcutter {drain, coup de grace}
  6172 | D:5      | Noticed a kobold demonologist
  6181 | D:5      | Reached *** piety under Uskayaw
  6183 | D:5      | Reached **** piety under Uskayaw
  6184 | D:5      | Killed a kobold demonologist
  6437 | D:5      | Found Koext's General Store.
  6445 | D:5      | Bought a scroll of identify for 26 gold pieces
  6445 | D:5      | Bought a scroll of teleportation for 39 gold pieces
  6471 | D:5      | Reached ***** piety under Uskayaw
  6746 | D:6      | Reached XP level 9. HP: 66/66 MP: 14/18
  6906 | D:6      | Reached skill level 8 in Earth Magic
  7091 | D:6      | Reached skill level 5 in Fighting
  7091 | D:6      | Reached skill level 5 in Throwing
  7131 | D:6      | Found a shimmering altar of Xom.
  7131 | D:6      | Found a sacrificial altar of Ru.
  7940 | D:7      | Found a flagged portal.
  7972 | D:7      | Reached skill level 5 in Invocations
  7986 | Bailey   | Entered a bailey
  8201 | Bailey   | Noticed an orc warlord
  8373 | Bailey   | Found a runed translucent gate.
  8375 | Bailey   | Found a runed translucent gate.
  8377 | Bailey   | Found a runed translucent gate.
  8590 | Bailey   | Mangled by an orc warlord

Illustrated notes

Levels and vault maps discovered:
D:1:      lemuel_arrival_room, layout_basic,
          dreamdust_ecumenical_altar_angels_and_demons
D:2:      layout_loops_ring, serial_shops, nicolae_shop_industrial_runoff
D:3:      layout_basic, general_overflow_altar, portal_sewer_entry_e,
          serial_corexii_hall, corexii_hall_statues_l, corexii_hall_statues_i
D:4:      layout_layer_cave, nicolae_wu_jian_glorious_leap,
          minmay_temple_entry_large_hall
D:5:      layout_cave_pods, serial_shops, shop, shop,
          nicolae_shop_advertising_works [nicolae_subvault_shop_adworks], shop,
          dilly_guarded_unrand_throatcut
D:6:      layout_loops_corners, chequers_temple_overflow_statue_of_worship
D:7:      layout_cave_pools, enter_bailey_3, uniq_prince_ribbit1,
          uniq_crazy_yiuf_cottage
Temple:   hellmonk_temple_divided_pantheon
Bailey:   bailey_axe_bossmonster_kennysheep, bailey

Skill      XL: |  1  2  3  4  5  6  7  8  9 |
---------------+----------------------------+-----
Spellcasting   | 5 6 |  6.9
Invocations    | 1 2 3 4 5 |  5.1
Short Blades   | 1 2 3 4 |  4.7
Long Blades    | 1 2 3 4 |  4.7
Axes           | 1 2 3 4 |  4.7
Maces & Flails | 1 2 3 4 |  4.7
Polearms       | 1 2 3 4 |  4.7
Staves         | 1 2 3 4 |  4.7
Armour         | 1 2 3 4 |  4.7
Dodging        | 1 2 3 4 |  4.7
Stealth        | 1 2 3 4 |  4.7
Shields        | 1 2 3 4 |  4.7
Unarmed Combat | 1 2 3 4 |  4.7
Evocations     | 1 2 3 4 |  4.7
Conjurations   | 1 2 3 |  3.9
Hexes          | 1 2 3 |  3.9
Summonings     | 1 2 3 |  3.9
Necromancy     | 1 2 3 |  3.9
Translocations | 1 2 3 |  3.9
Transmutations | 1 2 3 |  3.9
Fire Magic     | 1 2 3 |  3.9
Ice Magic      | 1 2 3 |  3.9
Air Magic      | 1 2 3 |  3.9
Poison Magic   | 1 2 3 |  3.9
Fighting       | 3 4 5 |  5.4
Throwing       | 3 4 5 |  5.4
Ranged Weapons | 5 6 |  6.6
Earth Magic    | 8 |  8.2

Action                     |  1- 3 |  4- 6 |  7- 9 || total
---------------------------+-------+-------+-------++-------
  Melee: Dagger            |       |    17 |    12 ||    29
         Bite              |       |     1 |     1 ||     2
   Fire: Sling             |    61 |     7 |       ||    68
  Throw: Dart              |       |    46 |   113 ||   159
         Boomerang         |       |       |    18 ||    18
         Javelin           |       |       |     4 ||     4
         Throwing net      |       |       |     1 ||     1
   Cast: Sandblast         |    29 |    51 |    42 ||   122
         Stone Arrow       |     3 |    27 |    75 ||   105
    Use: Potion            |       |     1 |     5 ||     6
         Scroll            |       |     5 |     5 ||    10
   Stab: Paralysed         |       |       |     2 ||     2
 Armour: Robe              |     4 |    10 |    10 ||    24
  Dodge: Dodged            |     4 |    28 |    32 ||    64
